 Dungeon Crawl Stone Soup version 0.24-a0-434-gd57e52fea8 (webtiles) character file.

Game seed: 17393936108829218055

70627 vurker the Severer (level 15, -5/99 HPs)
             Began as a Gargoyle Gladiator on June 15, 2019.
             Was a High Priest of the Shining One.
             Slain by an ice devil (8 damage)
             ... summoned by an orc high priest
             ... on level 2 of the Orcish Mines.
             The game lasted 00:46:23 (28124 turns).

vurker the Severer (Gargoyle Gladiator)            Turns: 28124, Time: 00:46:24

Health: -5/99      AC: 23    Str: 23    XL:     15   Next: 33%
Magic:  32/32      EV:  2    Int: 10    God:    the Shining One [*****.]
Gold:   2238       SH: 17    Dex: 11    Spells: 14/14 levels left

rFire    + . .     SeeInvis .   a - +1 war axe
rCold    + . .     Gourm    .   A - +0 large shield
rNeg     + + +     Faith    .   D - +0 gold dragon scales (curse)
rPois    ∞         Spirit   .   k - +0 helmet
rElec    +         Reflect  .   y - scarf {cloud immunity}
rCorr    .         Harm     .   t - +0 pair of gloves
MR       ++...                  B - +0 pair of boots
Stlth    ..........             (no amulet)
HPRegen  0.26/turn              x - ring of magical power
MPRegen  0.23/turn              l - ring of protection from magic

@: corroded, glowing
A: big wings, negative energy resistance 1, electricity resistance, unbreathing,
petrification resistance, rot immunity, AC +11
a: Fly, Divine Shield, Cleansing Flame, Summon Divine Warrior, Renounce Religion


You were on level 2 of the Orcish Mines.
You worshipped the Shining One.
The Shining One was extremely pleased with you.
You were not hungry.

You visited 4 branches of the dungeon, and saw 19 of its levels.

You collected 2238 gold pieces.

Inventory:

Hand Weapons
 a - a +1 war axe (weapon)
 b - a +1 whip of electrocution
   (You took it off Pikel on level 4 of the Dungeon)
Missiles
 d - 4 throwing nets (quivered) {!f}
Armour
 k - a +0 helmet (worn)
 t - a +0 pair of gloves (worn)
   (You found it on level 3 of the Lair of Beasts)
 y - a scarf of cloud immunity (worn)
   (You found it on level 10 of the Dungeon)
 A - a +0 large shield (worn)
   (You found it on level 1 of the Lair of Beasts)
 B - a +0 pair of boots (worn)
   (You found it on level 6 of the Dungeon)
 D - cursed +0 gold dragon scales (worn)
   (You found it on level 2 of the Lair of Beasts)
Jewellery
 l - a ring of protection from magic (right hand)
   (You found it on level 3 of the Lair of Beasts)
 x - a ring of magical power (left hand)
   (You found it on level 6 of the Dungeon)
Wands
 c - a wand of disintegration (8)
   (You found it on level 3 of the Dungeon)
Scrolls
 g - 2 scrolls of enchant weapon
 h - 3 scrolls of magic mapping
 p - a scroll of identify {@r1}
 q - 5 scrolls of remove curse {@r2}
 s - 2 scrolls of immolation {!r}
 u - 4 scrolls of fog
Potions
 f - 2 potions of flight {unknown}
 i - 2 potions of magic {unknown}
 m - 2 potions of ambrosia {unknown}
 n - a potion of haste {@q3}
 r - 2 potions of might {unknown}
 v - 4 potions of lignification {!q}
 z - a potion of degeneration {unknown}
 C - 2 potions of mutation {!q}
Comestibles
 e - 34 rations {!d}


   Skills:
 + Level 13.6 Fighting
 * Level 15.9 Axes
 - Level 1.7 Throwing
 + Level 8.0 Armour
 - Level 2.4 Dodging
 + Level 9.9 Shields
 + Level 11.4 Invocations


You had 14 spell levels left.
You didn't know any spells.
Your spell library contained the following spells:

 Spells                   Type           Power        Failure   Level  Hunger
 Animate Skeleton         Necr           N/A          100%        1    ##.....
 Corona                   Hex            #......      100%        1    ##.....
 Infusion                 Chrm           #...         100%        1    ##.....
 Magic Dart               Conj           #...         100%        1    ##.....
 Pain                     Necr           #...         100%        1    ##.....
 Searing Ray              Conj           #.....       100%        2    ###....
 Shroud of Golubria       Chrm/Tloc      #.....       100%        2    ###....
 Slow                     Hex            #.......     100%        2    ###....
 Song of Slaying          Chrm           #.......     100%        2    ###....
 Dazzling Spray           Conj/Hex       #.....       100%        3    ####...
 Inner Flame              Hex/Fire       #.......     100%        3    ####...
 Portal Projectile        Hex/Tloc       #.....       100%        3    ####...
 Regeneration             Chrm/Necr      #.........   100%        3    ####...
 Spectral Weapon          Hex/Chrm       #.......     100%        3    ####...
 Vampiric Draining        Necr           #.........   100%        3    ####...
 Animate Dead             Necr           N/A          100%        4    #####..
 Cause Fear               Hex            #.........   100%        4    #####..
 Force Lance              Conj/Tloc      #.......     100%        4    #####..
 Fulminant Prism          Conj/Hex       #.........   100%        4    #####..
 Iskenderun's Mystic Bla  Conj           #.......     100%        4    #####..
 Leda's Liquefaction      Hex/Erth       #.........   100%        4    #####..


Dungeon Overview and Level Annotations

Branches:
Dungeon (10/15)            Temple (1/1) D:7            Lair (6/6) D:10
  Swamp (0/4) Lair:4       Spider (0/4) Lair:4        Slime (0/5) Lair:6
    Orc (2/2) D:9
    Elf: Orc:2

Altars:
Ashenzari
Cheibriados
Dithmenos
Elyvilon
Gozag
Hepliaklqana
Kikubaaqudgha
Makhleb
Nemelex Xobeh
Okawaru
Qazlal
Ru
Sif Muna
Trog
Uskayaw
Vehumet
Wu Jian
Xom
Yredelemnul
Zin
The Shining One
Beogh
Jiyva

Shops:
D:10 }

Annotations:
D:8 2 transporters
Lair:2 exclusion: oklob plant
Lair:3 2 transporters, Qiarch's ghost, journeyman TrWr
Lair:4 exclusion: oklob plant
Lair:5 exclusions: oklob plant, orange crystal statue and 3 more exclusions


Innate Abilities, Weirdness & Mutations

You are resistant to torment.
Your stone body is resilient. (AC +11)
You are immune to poison.
Your large and strong wings let you fly indefinitely.
You resist negative energy. (rN+)
You are resistant to electric shocks. (rElec)
You can survive without breathing.
You are immune to petrification.
You are immune to rotting.


Message History

You closely miss the orc wizard. You block the sun demon's attack.
You block the orc high priest's attack. You block the orc wizard's attack.
A two-headed ogre comes into view.
It is wielding two +0 giant spiked clubs.
An orc high priest comes into view. It is wielding a +0 war axe.
You slash the orc high priest! You slash the shadow imp!
You hit the orc wizard. You hit the rust devil. You hit the sun demon.
You hit the orc high priest.
The orc wizard looks satisfied for a moment.
You block the orc warrior's attack. The rust devil hits you.
The rust devil corrodes you! The sun demon hits you!
You are engulfed in flames!
You resist. You block the orc high priest's attack.
An orc sorcerer comes into view. It is wielding a +0 dagger.
The orc high priest hits you but does no damage.
The orc high priest mumbles some strange prayers to Beogh against you.
Beogh smites you!
* * * LOW HITPOINT WARNING * * *
You block the shadow imp's attack.
An orc warrior comes into view. It is wielding a +0 morningstar.
Okay, then.
You block the orc wizard's attack.
The orc high priest calls upon Beogh to heal the orc wizard.
The orc wizard's wounds heal themselves!
The shadow imp gestures at you. You resist with almost no effort.
The orc high priest prays to Beogh.
The rust devil disappears in a puff of smoke!
The orc high priest calls down the wrath of Beogh upon you.
Beogh smites you!
* * * LOW HITPOINT WARNING * * *
Things that are here:
a +0 leather armour; a +0 mace You block the rust devil's attack.
The sun demon hits you!
* * * LOW HITPOINT WARNING * * *
You are engulfed in flames!
You resist.
* * * LOW HITPOINT WARNING * * *
The orc high priest prays to Beogh.
An orc comes into view.
The shadow imp hits you.
* * * LOW HITPOINT WARNING * * *
There is a stone staircase leading up here.
The rust devil disappears in a puff of smoke!
You block the sun demon's attack.
The ufetubus hits you but does no damage. x2
The orc high priest calls upon Beogh to heal the orc warrior.
The orc warrior's wounds heal themselves!
The red devil hits you but does no damage.
The ice devil hits you!
* * * LOW HITPOINT WARNING * * *
The ice devil freezes you! You resist.
You die...

......$.....[........
.#..........o[........
........o.....)o......
........oo..o[.[..#..#
..........O.3......#..##
#..........o4$..)......# .
........4oo5oo..<....$.##..
.........33o....##.........
#........5@4........(......
#........)..........)#.....
#$......)..........))......
...#..[[...#........##....
#....#.............### .##
##.........$....#.## #
....#.........####
#.....#.........
#.#..$..$........


You could see a soul eater, 3 orc high priests, a two-headed ogre, a sun demon,
an ice devil, a rust devil, a neqoxec, an orc sorcerer, a red devil, 4 orc
warriors, an orc priest, 2 orc wizards, a shadow imp, an orc and an ufetubus.

Vanquished Creatures
  Kirke (Lair:5)
  A dire elephant (Lair:6)
  Snorg (Lair:3)
  6 hydras
  A two-headed ogre (D:8)
  8 death yaks
  2 catoblepae
  Pikel (D:4)
  An orc sorcerer (D:9)
  A wolf spider (Lair:4)
  A lindwurm (Lair:6)
  A centaur zombie (D:10)
  11 elephants
  18 spiny frogs
  8 black mambas
  3 torpor snails
  A centaur skeleton (D:10)
  9 rime drakes
  7 komodo dragons
  13 polar bears
  5 trolls
  7 raiju (Lair:6)
  13 dream sheep (Lair:6)
  27 blink frogs
  Grinder (D:6)
  9 hippogriffs
  35 yaks
  Sigmund (D:5)
  A vampire (D:9)
  4 basilisks
  2 wyverns
  A steam dragon (D:8)
  3 hogs (Lair:5)
  3 hungry ghosts
  Menkaure (D:6)
  3 soldier ants
  3 insubstantial wisps (Lair:4)
  4 wargs (Lair:6)
  Duvessa (D:7)
  5 porcupines
  15 water moccasins
  10 hell hounds (Lair:6)
  18 orc warriors
  7 ice beasts
  2 sky beasts
  14 black bears
  2 slaves (D:4)
  An eye of draining (D:10)
  9 ogres
  2 phantoms (D:10)
  10 crocodiles
  2 centaurs
  28 wolves
  Blork the orc (D:5)
  2 big kobolds
  7 bullfrogs
  Dowan (D:7)
  2 wyvern skeletons
  2 scorpions
  5 wights (D:7)
  4 electric eels
  10 crimson imps
  2 quasits
  2 bullfrog zombies
  A bullfrog skeleton (D:6)
  4 hounds
  3 jellies
  15 orc priests
  14 orc wizards
  Jessica (D:3)
  3 iguanas
  9 worker ants
  4 hound skeletons
  2 worker ant zombies
  A howler monkey zombie (D:9)
  4 howler monkey skeletons
  11 adders
  17 white imps
  An ufetubus (D:8)
  2 oozes
  An adder zombie (D:7)
  3 worms
  4 dart slugs
  An adder simulacrum (D:8)
  6 leopard geckos
  57 orcs
  A ball python (D:5)
  8 bats
  8 giant cockroaches
  5 goblins
  9 hobgoblins
  9 jackals
  17 kobolds
  7 quokkas
  7 frilled lizards
  A jackal skeleton (D:7)
  A jackal zombie (D:7)
  2 leopard gecko skeletons
  3 rats
  2 fungi
  A plant (Lair:6)
627 creatures vanquished.

Vanquished Creatures (collateral kills)
  An orc warlord (D:9)
1 creature vanquished.

Vanquished Creatures (others)
  A blink frog (Lair:4)
  A leopard gecko skeleton (D:4)
  2 bushes (Lair:6)
  19 fungi
  28 plants
51 creatures vanquished.

Grand Total: 679 creatures vanquished

Notes
Turn   | Place    | Note
-------+----------+-------------------------------------------
     0 | D:1      | vurker the Gargoyle Gladiator began the quest for the Orb.
     0 | D:1      | Reached XP level 1. HP: 12/12 MP: 1/1
    64 | D:1      | You fall into a shaft and drop 1 floor!
   179 | D:2      | Reached skill level 3 in Axes
   179 | D:2      | Reached XP level 2. HP: 15/18 MP: 2/2
   392 | D:2      | Found a snail-covered altar of Cheibriados.
   645 | D:2      | Reached XP level 3. HP: 22/22 MP: 3/3
   662 | D:2      | HP: 1/22 [iguana (6)]
   940 | D:2      | Reached XP level 4. HP: 23/28 MP: 4/4
  1277 | D:2      | Reached skill level 4 in Axes
  1672 | D:2      | Found a snail-covered altar of Cheibriados.
  2876 | D:3      | Found a hazy altar of Hepliaklqana.
  3157 | D:2      | Reached XP level 5. HP: 28/33 MP: 5/5
  3397 | D:3      | Found a sparkling altar of Nemelex Xobeh.
  3397 | D:3      | Noticed Jessica
  3401 | D:3      | Killed Jessica
  3401 | D:3      | Reached skill level 5 in Axes
  3579 | D:3      | Reached XP level 6. HP: 38/38 MP: 6/6
  3904 | D:3      | Found a shattered altar of Ashenzari.
  3904 | D:3      | Found an ornate altar of the Wu Jian Council.
  3905 | D:3      | Found a shimmering altar of Xom.
  3984 | D:4      | Noticed a slave
  3984 | D:4      | Noticed a slave
  4007 | D:4      | Killed a slave
  4013 | D:4      | Killed a slave
  4374 | D:4      | Found a stormy altar of Qazlal.
  4375 | D:4      | Found a basalt altar of Yredelemnul.
  4377 | D:4      | Found a sparkling altar of Nemelex Xobeh.
  4576 | D:4      | Noticed Pikel
  4578 | D:4      | Noticed a slave
  4580 | D:4      | Noticed a slave
  4600 | D:4      | Killed Pikel
  4600 | D:4      | Reached skill level 5 in Fighting
  4600 | D:4      | Reached skill level 6 in Axes
  4600 | D:4      | Reached XP level 7. HP: 33/44 MP: 7/7
  4886 | D:5      | Entered Level 5 of the Dungeon
  4927 | D:5      | Noticed Sigmund
  4937 | D:5      | Killed Sigmund
  4937 | D:5      | Reached skill level 7 in Axes
  4937 | D:5      | Reached XP level 8. HP: 20/51 MP: 8/8
  5429 | D:5      | Reached skill level 8 in Axes
  5839 | D:5      | Noticed Blork the orc
  5842 | D:5      | Killed Blork the orc
  6232 | D:6      | Noticed Grinder
  6320 | D:6      | Found a sacrificial altar of Ru.
  6326 | D:6      | Noticed Menkaure
  6342 | D:6      | Killed Menkaure
  6342 | D:6      | Reached XP level 9. HP: 32/57 MP: 9/9
  6349 | D:6      | Reached skill level 9 in Axes
  7022 | D:6      | Got a smoking chain mail
  7427 | D:6      | Killed Grinder
  7533 | D:7      | Found an iron altar of Okawaru.
  7637 | D:7      | Identified the cursed +1 chain mail of Thoughtfulness
                  | {Str+5} (You found it on level 6 of the Dungeon)
  7704 | D:7      | Found a staircase to the Ecumenical Temple.
  7718 | Temple   | Entered the Ecumenical Temple
  7830 | Temple   | Became a worshipper of the Shining One
  7942 | D:7      | Reached skill level 10 in Axes
  8052 | D:7      | Found a burning altar of Makhleb.
  8062 | D:7      | Reached skill level 1 in Invocations
  8307 | D:7      | Noticed Duvessa
  8307 | D:7      | Noticed Dowan
  8325 | D:7      | Killed Duvessa
  8325 | D:7      | Reached skill level 1 in Shields
  8331 | D:7      | Killed Dowan
  8424 | D:7      | Reached * piety under the Shining One
  8595 | D:7      | Found a snail-covered altar of Cheibriados.
  8805 | D:8      | Noticed a two-headed ogre
  8814 | D:7      | Reached XP level 10. HP: 47/65 MP: 11/11
  9451 | D:8      | Reached ** piety under the Shining One
  9657 | D:8      | Killed a two-headed ogre
  9657 | D:8      | Reached skill level 11 in Axes
 10024 | D:8      | Found a transporter.
 10051 | D:8      | Found a transporter.
 10269 | D:8      | Found a white marble altar of Elyvilon.
 10617 | D:8      | Found a transporter.
 10634 | D:8      | Found a white marble altar of Elyvilon.
 10649 | D:8      | Found a transporter.
 11085 | D:9      | Reached skill level 5 in Invocations
 11124 | D:9      | Reached XP level 11. HP: 69/72 MP: 14/14
 11219 | D:9      | Reached *** piety under the Shining One
 11303 | D:9      | Found a roughly hewn altar of Beogh.
 11303 | D:9      | Found a staircase to the Orcish Mines.
 11331 | D:9      | Reached skill level 10 in Fighting
 11788 | D:9      | Found a stormy altar of Qazlal.
 12517 | D:10     | Entered Level 10 of the Dungeon
 12526 | D:9      | Reached skill level 12 in Axes
 12754 | D:10     | Reached **** piety under the Shining One
 12912 | D:10     | Found Maqiaj's Gadget Shoppe.
 13272 | D:10     | Found a staircase to the Lair.
 13480 | Lair:1   | Entered Level 1 of the Lair of Beasts
 14094 | Lair:1   | HP: 3/73 [komodo dragon (12)]
 14102 | Lair:1   | Reached XP level 12. HP: 10/80 MP: 17/17
 14498 | Lair:1   | Noticed a seven-headed hydra
 14918 | Lair:1   | Killed a seven-headed hydra
 14918 | Lair:1   | Reached skill level 13 in Axes
 15642 | Lair:2   | Reached skill level 5 in Shields
 16153 | Lair:2   | HP: 4/80 [komodo dragon (20)]
 17475 | Lair:3   | Reached skill level 1 in Armour
 17892 | Lair:3   | Noticed a death yak
 17893 | Lair:3   | Noticed a death yak
 17894 | Lair:3   | Noticed a death yak
 17894 | Lair:3   | Noticed a death yak
 17895 | Lair:3   | Noticed a death yak
 18176 | Lair:3   | Noticed Snorg
 18188 | Lair:3   | HP: 1/80 [Snorg (4)]
 18219 | Lair:3   | Killed Snorg
 18527 | Lair:3   | Reached XP level 13. HP: 83/85 MP: 19/19
 18917 | Lair:3   | Reached skill level 14 in Axes
 19302 | Lair:3   | Found a transporter.
 19311 | Lair:3   | Found a transporter.
 19312 | Lair:3   | Noticed Qiarch's ghost (journeyman TrWr)
 20533 | Lair:4   | Found a staircase to the Swamp.
 20703 | Lair:4   | Found a hole to the Spider Nest.
 20970 | Lair:5   | Noticed Kirke
 21022 | Lair:5   | Killed Kirke
 21022 | Lair:5   | Reached skill level 5 in Armour
 21183 | Lair:5   | Reached skill level 10 in Invocations
 21205 | Lair:5   | Gained mutation: Your large and strong wings let you fly
                  | indefinitely. [Gargoyle growth]
 21205 | Lair:5   | Reached XP level 14. HP: 53/92 MP: 21/21
 22380 | Lair:6   | Entered Level 6 of the Lair of Beasts
 22683 | Lair:6   | Found a frozen archway.
 22697 | Lair:6   | Reached skill level 15 in Axes
 23024 | Lair:6   | Reached ***** piety under the Shining One
 24178 | Lair:6   | Found a viscous altar of Jiyva.
 24178 | Lair:6   | Found a staircase to the Slime Pits.
 25406 | Lair:6   | Reached XP level 15. HP: 99/99 MP: 23/23
 26359 | Lair:6   | Found a viscous altar of Jiyva.
 26359 | Lair:6   | Found a staircase to the Slime Pits.
 27187 | Orc:1    | Entered Level 1 of the Orcish Mines
 27187 | Orc:1    | Noticed an orc warlord
 27228 | D:9      | Killed an orc warlord
 27741 | Orc:1    | Found a radiant altar of Vehumet.
 27766 | Orc:2    | Entered Level 2 of the Orcish Mines
 28124 | Orc:2    | HP: 3/99 [ice devil[an orc high priest] (7)]
 28124 | Orc:2    | Slain by an ice devil

Levels and vault maps discovered:
D:1:      dpeg_arrival_chambers_temple_mockup, layout_basic,
          minmay_misc_feat_enclosed
D:2:      layout_basic, cheibriados_altar_1
D:3:      layout_basic, lemuel_crystal_altar, gammafunk_temple_overflow_claw,
          nemelex_lonely_heart_becter, uniq_jessica
D:4:      layout_loops_ring, nicolae_overflow_hidden_temple, first_ration,
          st_stairs_13, uniq_pikel
D:5:      layout_basic, minmay_misc_feat_encased, uniq_sigmund,
          uniq_blork_the_orc
D:6:      cheibrodos_fzero, layout_loops_ring, nicolae_ru_sacrificial_ziggurat,
          uniq_menkaure, uniq_grinder
D:7:      layout_loops_ring, makhleb_heckhound_becter, lemuel_round_altar,
          temple_green, serial_undead, serial_undead_e, serial_undead_d,
          serial_undead_b, serial_undead_d, basic_altar, uniq_duvessa
D:8:      layout_rooms, gammafunk_temple_overflow_arena, serial_ice,
          serial_ice_o, serial_ice_f, serial_ice_n, serial_ice_e, serial_ice_m,
          serial_ice_k, serial_ice_c, serial_ice_b
D:9:      layout_roguey, david_orc_5, hangedman_pestilent_swarm,
          grunt_qazlal_clouds
D:10:     layout_rooms, lair_entry_dummy, serial_shops, shop
Temple:   nicolae_temple_figure_zero
Lair:1:   layout_misc_corridors
Lair:2:   layout_cave_pods, infiniplex_staircase_pool, serial_bayou_shore_a,
          grunt_megastairs_3, lemuel_fruit_fields, minmay_lair_oklob_chamber
Lair:3:   layout_regular_city, gammafunk_ghost_berserking_beasts,
          cheibrodos_lair_caveside_slide, kennysheep_catoblepas_arena,
          uniq_snorg
Lair:4:   layout_gridlike, minmay_swamp_entry_wisps, spider_nest_entry_rubble,
          beast_lair_carwin_1
Lair:5:   layout_long_grid, gauntlet_entry_generic, disabler_island,
          grunt_megastairs_1, uniq_kirke
Lair:6:   hangedman_lair_caniforms_friends, layout_gridlike,
          hangedman_lair_in_review, slime_altar_1, portal_ice_cave_entry_imps
Orc:1:    layout_caves, ebering_ghost_inner_flame, lemuel_statue_altar
Orc:2:    st_orc_mages, layout_caves

Skill      XL: |  1  2  3  4  5  6  7  8  9 10 11 12 13 14 15 |
---------------+----------------------------------------------+-----
Axes           | 3 4 5 6 7 8 10 11 12 13 14 15 | 15.9
Fighting       | 3 4 5 6 7 8 9 11 12 13 | 13.6
Invocations    | 2 5 7 8 10 11 | 11.4
Shields        | 2 4 6 8 9 |  9.9
Armour         | 2 5 7 8 |  8.0
Throwing       | |  1.7
Dodging        | |  2.4

Action                   |  1- 3 |  4- 6 |  7- 9 | 10-12 | 13-15 || total
-------------------------+-------+-------+-------+-------+-------++-------
Melee: War axe           |    56 |   229 |   302 |   766 |  1241 ||  2594
       Whip              |       |       |       |    17 |    70 ||    87
Invok: Divine Shield     |       |       |       |     7 |    19 ||    26
       Cleansing Flame   |       |       |       |     4 |       ||     4
       Summon Divine War |       |       |       |       |     1 ||     1
Evoke: Wand              |       |       |     9 |    19 |     3 ||    31
  Use: Scroll            |       |       |    11 |     9 |     5 ||    25
       Potion            |       |       |       |     6 |     4 ||    10
  Eat: Chunk             |       |     8 |     7 |    25 |    17 ||    57
       Ration            |       |     1 |     2 |     5 |     5 ||    13
Armor: Leather armour    |    21 |     8 |       |       |       ||    29
       Scale mail        |       |    72 |       |       |       ||    72
       Ring mail         |       |     1 |       |       |       ||     1
       Chain mail        |       |    62 |    17 |       |       ||    79
       Plate armour      |       |       |   216 |   469 |       ||   685
       Gold dragon scale |       |       |       |   168 |   834 ||  1002
Dodge: Dodged            |    42 |   120 |   102 |   156 |    51 ||   471
Block: Buckler           |       |       |    11 |    79 |       ||    90
       Large shield      |       |       |       |   355 |  1282 ||  1637

Table legend:
 A = Non-vault XP
 B = Vault XP
 C = Vault XP percentage of total XP
 D = Non-vault monster count
 E = Vault monster count
 F = Vault count percentage of total count
                 A         B        C        D         E       F
            +---------+---------+-------+---------+---------+-------
      Total |   60402 |   40495 |  40.1 |     419 |     205 |  32.9
            +---------+---------+-------+---------+---------+-------
        D:1 |      27 |       0 |   0.0 |      13 |       0 |   0.0
        D:2 |     146 |       0 |   0.0 |      30 |       0 |   0.0
        D:3 |     116 |      37 |  24.2 |      24 |       1 |   4.0
        D:4 |     124 |     595 |  82.8 |      14 |       2 |  12.5
        D:5 |     840 |     308 |  26.8 |      21 |       2 |   8.7
        D:6 |     447 |     696 |  60.9 |      12 |      10 |  45.5
        D:7 |     959 |     725 |  43.1 |      20 |      12 |  37.5
        D:8 |    1995 |    1338 |  40.1 |      23 |      14 |  37.8
        D:9 |    5817 |    1229 |  17.4 |      52 |      26 |  33.3
       D:10 |    3426 |       0 |   0.0 |      32 |       0 |   0.0
     Lair:1 |    6435 |       0 |   0.0 |      23 |       0 |   0.0
     Lair:2 |    3207 |    2208 |  40.8 |      10 |       9 |  47.4
     Lair:3 |   10635 |    2472 |  18.9 |      32 |       4 |  11.1
     Lair:4 |    3130 |    3579 |  53.3 |      15 |      12 |  44.4
     Lair:5 |    5156 |    5157 |  50.0 |      26 |      10 |  27.8
     Lair:6 |   16790 |   21650 |  56.3 |      55 |      89 |  61.8
      Orc:1 |      82 |     170 |  67.5 |       2 |       2 |  50.0
      Orc:2 |    1070 |     331 |  23.6 |      15 |      12 |  44.4
            +---------+---------+-------+---------+---------+-------
